 Dungeon Crawl Stone Soup version 0.28.0-45-g0d030f2227 (webtiles) character file.

Game seed: 406738983707593526

3921 gohu the Cleaver (level 10, -9/91 HPs)
             Began as a Hill Orc Fighter on May 29, 2022.
             Was a Follower of Trog.
             Shot with a sling bullet by Joseph (12 damage)
             ... on level 7 of the Dungeon.
             The game lasted 00:12:44 (7894 turns).

gohu the Cleaver (Hill Orc Fighter)                 Turns: 7894, Time: 00:12:45

Health: -9/91      AC: 11    Str: 24    XL:     10   Next: 20%
Magic:  10/10      EV:  8    Int: 11    God:    Trog [*.....]
Gold:   74         SH:  0    Dex: 14    Spells: 9/9 levels left

rFire   . . .      SeeInvis .   q - +6 battleaxe "Atwof" {flame, rC+ Will+ Int+3 Dex+4}
rCold   + . .      Faith    .   (shield currently unavailable)
rNeg    . . .      Spirit   .   y - +0 chain mail
rPois   .          Reflect  .   (no helmet)
rElec   .          Harm     .   g - +0 cloak
rCorr   .          Rampage  .   (no gloves)
Will    +....                   (no boots)
Stlth   ..........              (no amulet)
HPRegen 0.25/turn               (no ring)
MPRegen 0.12/turn               (no ring)

@: marked, on berserk cooldown, slowed, very slow
A: no striking features
a: Renounce Religion, Berserk


You were on level 7 of the Dungeon.
You worshipped Trog.
Trog was aware of your devotion.
You visited 2 branches of the dungeon, and saw 8 of its levels.

You collected 327 gold pieces.
You spent 253 gold pieces at shops.

Inventory:

Hand Weapons
 a - a +0 war axe
 q - the +6 battleaxe "Atwof" (weapon) {flame, rC+ Will+ Int+3 Dex+4}
   (You bought it in a shop on level 6 of the Dungeon)

   It burns those it strikes, dealing additional fire damage.
   Big, fiery blades are also staple armaments of hydra-hunters.
   Int:       It affects your intelligence (+3).
   Dex:       It affects your dexterity (+4).
   rC:        It protects you from cold.
   Will:      It increases your willpower.
Missiles
 f - 5 boomerangs (quivered)
Armour
 b - a +0 scale mail
 c - a +0 buckler
 g - a +0 cloak (worn)
 y - a +0 chain mail (worn)
Jewellery
 n - a ring of flight
 o - a ring of magical power
 t - a +6 ring of dexterity
 v - a +6 ring of intelligence
Wands
 l - a wand of digging (3)
 p - a wand of charming (8)
 u - a wand of iceblast (14)
Scrolls
 d - a scroll of amnesia {unknown}
 e - a scroll of fog {unknown}
 h - 3 scrolls of enchant armour {unknown}
 k - 5 scrolls of teleportation {unknown}
 m - 6 scrolls of identify {unknown}
 r - a scroll of enchant weapon {unknown}
 s - a scroll of immolation {unknown}
 w - a scroll of acquirement {unknown}
 B - a scroll of noise {unknown}
Potions
 i - 2 potions of haste
 j - a potion of brilliance {unknown}
 x - a potion of degeneration {unknown}
 z - 4 potions of heal wounds {unknown}
 A - a potion of might
 C - a potion of flight {unknown}


   Skills:
 * Level 9.3 Fighting
 * Level 14.4 Axes
 + Level 1.6 Throwing
 + Level 6.7 Armour
 - Level 3.2 Shields
 + Level 0.1 Evocations


You had 9 spell levels left.
You didn't know any spells.
Your spell library was empty.

Dungeon Overview and Level Annotations

Branches:
Dungeon (7/15)             Temple (1/1) D:6

Altars:
Ashenzari
Cheibriados
Dithmenos
Elyvilon
Fedhas
Hepliaklqana
Kikubaaqudgha
Makhleb
Nemelex Xobeh
Okawaru
Qazlal
Ru
Sif Muna
Trog
Uskayaw
Vehumet
Wu Jian
Xom
Yredelemnul
Zin
The Shining One

Shops:
D:6 (

Annotations:
D:7 Joseph


Message History

* * * LOW HITPOINT WARNING * * *
You slash Harold! You burn Harold.
Harold is heavily wounded.
You barely miss the water moccasin.
You feel sick. Harold hits you with a +0 flail.
* * * LOW HITPOINT WARNING * * *
The water moccasin bites you but does no damage.
You chop Harold into pieces!!! You burn Harold!
You kill Harold!
Trog accepts your kill.
Trog appreciates your killing of a magic user.
Harold gasps with his last breath, "I wish I had worked less..."
You slash the water moccasin! You burn the water moccasin.
You kill the water moccasin!
Trog accepts your kill.
You feel sick.
Your Axes skill increases to level 14!
You have reached level 10!
You feel stronger.
You feel sick.
You feel a strong urge to attack something.
You feel sick.
You feel your anger nearly subside.
You are no longer berserk.
You are exhausted.
You feel yourself slow down.
You feel sick.
You feel sick.
You feel sick.
You are no longer poisoned.
Found 9 gold pieces.
Joseph, a Mercenary comes into view.
He is wielding a +0 spectral quarterstaff.
Joseph shouts!
Joseph says, "I'm happy to see you. And I'll be happy to kill you."
Joseph unwields a +0 spectral quarterstaff.
Joseph wields a +0 hunting sling.
Joseph shoots a sling bullet.
The sling bullet hits you.
* * * LOW HITPOINT WARNING * * *
Joseph shoots a sling bullet.
The sling bullet hits you!
* * * LOW HITPOINT WARNING * * *
Joseph shoots a sling bullet.
The sling bullet hits you!
You die...

.##...###)..###...###..
....###...).....###.....
.....##.................
. #..###...............
##...###..............
##.....##.....##.......
#....#........#.......#
#..###....@..:........#
##<...@.#..............
###.....###...........
###.### ..#......... #.#
......... ### $....#...
.......


You could see Joseph.

Vanquished Creatures
  Harold (D:7)
  A two-headed ogre (D:5)
  Grinder (D:6)
  3 yaks (D:5)
  Duvessa (D:6)
  3 water moccasins
  A black bear (D:6)
  2 ice beasts
  2 ogres
  A centaur (D:6)
  2 kobold brigands (D:7)
  A scorpion (D:5)
  A water moccasin zombie (D:6)
  A water moccasin skeleton (D:6)
  Dowan (D:6)
  4 killer bees (D:7)
  A howler monkey (D:5)
  A bullfrog zombie (D:5)
  A centaur zombie (D:5)
  2 hounds
  An orc priest (D:5)
  2 bullfrog skeletons (D:6)
  4 iguanas
  2 orc wizards (D:5)
  A mummy (D:4)
  11 gnolls
  3 adders
  A howler monkey skeleton (D:5)
  A white imp (D:6)
  An ufetubus (D:5)
  An adder skeleton (D:4)
  2 dart slugs
  14 orcs
  5 endoplasms
  3 giant cockroaches
  7 hobgoblins
  6 jackals
  17 kobolds
  A quokka (D:1)
  6 ball pythons
  4 bats
  6 goblins
  6 rats
136 creatures vanquished.

Vanquished Creatures (others)
  A yak (D:5)
  43 plants (D:3)
44 creatures vanquished.

Grand Total: 180 creatures vanquished

Notes
Turn   | Place    | Note
-------+----------+-------------------------------------------
     0 | D:1      | gohu the Hill Orc Fighter began the quest for the Orb.
     0 | D:1      | Reached XP level 1. HP: 19/19 MP: 1/1
   244 | D:1      | Found a faded altar of an unknown god.
   289 | D:1      | Reached skill level 3 in Axes
   289 | D:1      | Reached XP level 2. HP: 26/27 MP: 2/2
  1109 | D:2      | You fall into a shaft and drop 2 floors!
  1125 | D:4      | Found a snail-covered altar of Cheibriados.
  1139 | D:4      | Reached XP level 3. HP: 33/33 MP: 3/3
  1298 | D:3      | Reached skill level 4 in Axes
  1394 | D:3      | Reached XP level 4. HP: 34/41 MP: 4/4
  1736 | D:2      | Reached skill level 5 in Axes
  1885 | D:2      | Found a bloodstained altar of Trog.
  2157 | D:2      | Reached XP level 5. HP: 47/47 MP: 5/5
  3557 | D:4      | Reached skill level 6 in Axes
  3557 | D:4      | Found a hide-covered altar of Uskayaw.
  3801 | D:4      | Found a radiant altar of Vehumet.
  3958 | D:5      | Entered Level 5 of the Dungeon
  3959 | D:5      | Noticed a two-headed ogre
  3959 | D:5      | Noticed an ogre
  3965 | D:5      | Killed a two-headed ogre
  3966 | D:5      | Reached skill level 9 in Axes
  3966 | D:5      | Reached XP level 6. HP: 10/57 MP: 6/6
  3966 | D:5      | Reached XP level 7. HP: 12/63 MP: 7/7
  3970 | D:5      | Reached XP level 8. HP: 7/70 MP: 8/8
  4316 | D:4      | Reached skill level 1 in Throwing
  4938 | D:5      | Reached skill level 5 in Armour
  4963 | D:5      | Reached skill level 10 in Axes
  5253 | D:5      | Found a basalt altar of Yredelemnul.
  5325 | D:5      | HP: 2/71 [poisoned by a water moccasin]
  5648 | D:5      | Noticed a yak
  5648 | D:5      | Noticed a yak
  5649 | D:5      | Noticed a yak
  5652 | D:5      | Noticed a yak
  5662 | D:5      | Killed a yak
  5663 | D:5      | Reached skill level 11 in Axes
  5664 | D:5      | Killed a yak
  5665 | D:5      | Reached XP level 9. HP: 69/79 MP: 9/9
  6404 | D:6      | Reached skill level 12 in Axes
  6413 | D:6      | Found a staircase to the Ecumenical Temple.
  6423 | Temple   | Entered the Ecumenical Temple
  6672 | Temple   | Became a worshipper of Trog the Wrathful
  6769 | D:6      | Found Dacwuby's Antique Weapon Emporium.
  6772 | D:6      | Noticed Grinder
  6783 | D:6      | Killed Grinder
  6892 | D:6      | Bought an iridescent battleaxe for 253 gold pieces
  6892 | D:6      | Identified the +6 battleaxe "Atwof" {flame, rC+ Will+ Int+3
                  | Dex+4} (You bought it in a shop on level 6 of the Dungeon)
  7136 | D:6      | Noticed Duvessa
  7136 | D:6      | Noticed Dowan
  7151 | D:6      | Killed Duvessa
  7154 | D:6      | Killed Dowan
  7198 | D:6      | Found a hazy altar of Hepliaklqana.
  7202 | D:6      | Found a shimmering altar of Xom.
  7249 | D:6      | Reached skill level 13 in Axes
  7303 | D:6      | Found an ornate altar of the Wu Jian Council.
  7303 | D:6      | Found an iron altar of Okawaru.
  7455 | D:7      | Reached * piety under Trog
  7857 | D:7      | Noticed Harold
  7870 | D:7      | Killed Harold
  7871 | D:7      | Reached skill level 14 in Axes
  7871 | D:7      | Reached XP level 10. HP: 21/91 MP: 10/10
  7889 | D:7      | Noticed Joseph
  7893 | D:7      | HP: 2/91 [Joseph/sling bullet (8)]
  7894 | D:7      | Shot with a sling bullet by Joseph

Illustrated notes

Levels and vault maps discovered:
D:1:      lemuel_arrival_tunnels, layout_basic,
          chequers_ecumenical_altar_simple_redux, lemuel_another_geyser
D:2:      layout_basic, basic_altar, hex_medium
D:3:      layout_basic, serial_bayou, serial_bayou_lagoon_a,
          serial_bayou_shore_b, serial_bayou_lake_a, serial_bayou_lagoon_b
D:4:      layout_gridville, nicolae_vehumet_radiance,
          nicolae_uskayaw_dance_hall, slow_altar_1
D:5:      layout_basic, yredelemnul_altar_generic, amethyst_killhole,
          nrook_mini_vaults, minmay_stone_trees_small
D:6:      layout_rooms, mainiacjoe_overflow_boulevard,
          grunt_temple_overflow_open, xom_butterflies, temple_hall,
          serial_shops, shop, item_on_display_a, uniq_duvessa, uniq_grinder
D:7:      nicolae_cairo_tiling, layout_cave_pools, uniq_joseph, uniq_harold
Temple:   oiseaux_autumnal_temple

Skill      XL: |  1  2  3  4  5  6  7  8  9 |
---------------+----------------------------+-----
Axes           | 3 4 5 9 11 14 | 14.4
Fighting       | 4 6 7 9 |  9.3
Armour         | 4 5 6 |  6.7
Throwing       | 1 |  1.6
Shields        | |  3.2
Evocations     | |  0.1

Action                   |  1- 3 |  4- 6 |  7- 9 | 10-12 || total
-------------------------+-------+-------+-------+-------++-------
Melee: War axe           |    76 |   113 |   142 |       ||   331
       Battleaxe         |       |       |    63 |       ||    63
Throw: Boomerang         |    10 |     1 |     8 |       ||    19
Invok: Berserk           |       |       |     1 |       ||     1
Evoke: Wand              |       |       |     1 |       ||     1
  Use: Potion            |       |     1 |     4 |       ||     5
Armor: Scale mail        |    34 |    65 |    53 |       ||   152
       Chain mail        |       |       |    23 |       ||    23
Dodge: Dodged            |    34 |    58 |    84 |       ||   176
Block: Buckler           |    18 |    28 |    28 |       ||    74
